 Dungeon Crawl Stone Soup version 0.23.0 (webtiles) character file.

Game seed: 13170497550740083558

4385 tidbits the Magician (level 10, -2/77 HPs)
             Began as a Gnoll Skald on Feb 14, 2019.
             Was a Believer of Cheibriados.
             Killed by divine providence
             ... invoked by an orc priest
              (15 damage)
             ... on level 9 of the Dungeon.
             The game lasted 00:27:02 (2707 turns).

tidbits the Magician (Gnoll Skald)                  Turns: 2707, Time: 00:27:02

Health: -2/77      AC: 10    Str: 18    XL:     10   Next: 35%
Magic:  18/20      EV: 16    Int: 23    God:    Cheibriados [**....]
Gold:   89         SH:  9    Dex: 18    Spells: 10/23 levels left

rFire    . . .     SeeInvis .   a - +4 spear
rCold    . . .     Gourm    .   D - +3 buckler of Xeguef {rCorr}
rNeg     . . .     Faith    .   B - +3 ring mail
rPois    .         Spirit   .   (no helmet)
rElec    .         Reflect  .   (no cloak)
rCorr    +         Harm     .   G - +0 pair of gloves
MR       .....                  (no boots)
Stlth    ++........             (no amulet)
HPRegen  0.22/turn              K - ring of resist corrosion
MPRegen  0.17/turn              (no ring)

@: shrouded, singing, very slow
A: distributed training, fangs 1, strong nose
a: Bend Time, Renounce Religion


You were on level 9 of the Dungeon.
You worshipped Cheibriados.
Cheibriados was pleased with you.
You were not hungry.

You visited 2 branches of the dungeon, and saw 11 of its levels.

You collected 236 gold pieces.
You spent 147 gold pieces at shops.

Inventory:

Hand Weapons
 a - a +4 spear (weapon)
 g - a +0 spear
 u - a +0 hunting sling
 w - a +2 hand axe of venom
   (You took it off an orc on level 3 of the Dungeon)
 A - a +0 war axe
 F - a +3 dagger
 L - a +0 shortbow
 N - a +0 blowgun
 T - a +0 halberd
Missiles
 j - 39 stones
 m - 15 tomahawks
 s - 10 arrows
 x - 53 bolts
 z - 2 tomahawks of returning (quivered)
 E - 7 javelins
Armour
 b - a +0 leather armour
 q - a +0 ring mail
 B - a +3 ring mail (worn)
 D - the +3 buckler of Xeguef (worn) {rCorr}
   (You found it on level 6 of the Dungeon)

   It provides partial protection from all sources of acid and corrosion.
 G - a +0 pair of gloves (worn)
 M - a +0 pair of gloves
 S - a +1 scale mail of poison resistance
   (You took it off an orc on level 9 of the Dungeon)
Jewellery
 K - a ring of resist corrosion (left hand)
   (You found it on level 7 of the Dungeon)
Wands
 y - a wand of disintegration (4)
 U - a wand of acid (11)
 V - a wand of flame (11)
Scrolls
 c - 3 scrolls of amnesia
 e - 2 scrolls of fear {unknown}
 h - 4 scrolls of enchant armour {unknown}
 i - a scroll of immolation {!r}
 n - 2 scrolls of magic mapping
 o - 4 scrolls of remove curse {unknown}
 r - 4 scrolls of teleportation
 v - 4 scrolls of enchant weapon
 J - a scroll of blinking
 O - a scroll of fog
 P - a scroll of torment
 R - a scroll of random uselessness
Potions
 f - 2 potions of heal wounds
 k - a potion of might
 l - 2 potions of brilliance
 p - 3 potions of agility
 t - a potion of degeneration {!q}
 C - a potion of resistance {unknown}
 H - 3 potions of curing {unknown}
 I - a potion of cancellation
 Q - a potion of lignification {unknown}
Comestibles
 d - 9 rations


   Skills:
 + Level 6.9 Fighting
 + Level 5.1 Short Blades
 + Level 5.1 Long Blades
 + Level 5.1 Axes
 + Level 5.1 Maces & Flails
 + Level 6.9 Polearms
 + Level 5.1 Staves
 + Level 5.1 Slings
 + Level 5.1 Bows
 + Level 5.1 Crossbows
 + Level 5.1 Throwing
 + Level 5.8 Armour
 + Level 6.9 Dodging
 + Level 5.1 Stealth
 + Level 5.1 Shields
 + Level 5.1 Unarmed Combat
 + Level 7.2 Spellcasting
 + Level 4.2 Conjurations
 + Level 4.2 Hexes
 + Level 7.0 Charms
 + Level 4.2 Summonings
 + Level 4.2 Necromancy
 + Level 4.2 Translocations
 + Level 4.2 Transmutations
 + Level 4.2 Fire Magic
 + Level 4.2 Ice Magic
 + Level 4.2 Air Magic
 + Level 4.2 Earth Magic
 + Level 4.2 Poison Magic
 + Level 5.6 Invocations
 + Level 5.1 Evocations


You had 10 spell levels left.
You knew the following spells:

 Your Spells              Type           Power        Failure   Level  Hunger
g - Shroud of Golubria    Chrm/Tloc      ####......   1%          2    None
i - Infusion              Chrm           ####         1%          1    None
k - Sticks to Snakes      Tmut           ####....     3%          2    None
r - Regeneration          Chrm/Necr      ####......   3%          3    None
w - Spectral Weapon       Hex/Chrm       ####....     3%          3    None
y - Song of Slaying       Chrm           #####...     1%          2    None

Your spell library contained the following spells:

 Spells                   Type           Power        Failure   Level  Hunger
 Beastly Appendage        Tmut           ####..       2%          1    None
 Magic Dart               Conj           ####         2%          1    None
 Searing Ray              Conj           ####..       3%          2    None
 Dazzling Spray           Conj/Hex       ####..       7%          3    None
 Spider Form              Tmut/Pois      ####......   7%          3    None
 Force Lance              Conj/Tloc      ####....     22%         4    ###....
 Fulminant Prism          Conj/Hex       ####......   22%         4    ###....
 Ice Form                 Ice/Tmut       ####....     22%         4    ###....
 Iskenderun's Mystic Bla  Conj           ####....     22%         4    ###....
 Blade Hands              Tmut           ####......   52%         5    #####..


Dungeon Overview and Level Annotations

Branches:
Dungeon (10/15)            Temple (1/1) D:7
   Lair: D:8-11         Orc: D:9-12

Altars:
Ashenzari
Cheibriados
Dithmenos
Elyvilon
Fedhas
Gozag
Hepliaklqana
Kikubaaqudgha
Makhleb
Nemelex Xobeh
Okawaru
Qazlal
Ru
Sif Muna
Trog
Uskayaw
Vehumet
Wu Jian
Xom
Yredelemnul
Zin
The Shining One

Shops:
D:6 ?

Annotations:
D:8 Prince Ribbit
D:9 1 transporter


Innate Abilities, Weirdness & Mutations

Your experience applies equally to all skills.
You have very sharp teeth.
Your uncanny sense of smell can sniff out nearby items.


Message History

V - a wand of flame (20) Evoke which item? (* to show all) (? for menu, Esc to quit)
Okay, then.
Casting: Spectral Weapon (safe; 3% risk of failure)
Confirm with . or Enter, or press ? or * to list all spells.
Space distorts slightly along a thin shroud covering your body.
You open the door.
Unknown command.
Evoke which item? (* to show all) (? for menu, Esc to quit)
That's the wrong kind of item! (Use * to select it.) Evoke which item? (* to show all) (? for menu, Esc to quit)
Okay, then.
Evoke which item? (* to show all) (? for menu, Esc to quit)
Aiming: Throw Flame
Press: ? - help, Shift-Dir - straight line, f - kobold demonologist
Aim: a kobold demonologist, wielding a +0 dagger and wearing a +0 robe The puff of flame misses the kobold demonologist.
The orc sorcerer points at you and mumbles some strange words.
You suddenly lose the ability to move!
The orc priest begins to cast a cantrip, but forgets the words!
The orc sorcerer says, "Dogrw nutew berg."
The orc sorcerer points at you and mumbles some strange words.
The bolt of fire hits you!
The kobold demonologist begins to cast a cantrip, but forgets the words!
The orc sorcerer is engulfed in a cloud of scalding steam. x3
You can move again.
Unknown command.
Unknown command.
Unknown command.
Evoke which item? (* to show all) (? for menu, Esc to quit)
Aiming: Throw Flame
Press: ? - help, Shift-Dir - straight line, f/p - kobold demonologist
Aim: a kobold demonologist, wielding a +0 dagger and wearing a +0 robe The orc sorcerer is engulfed in a cloud of scalding steam.
Evoke which item? (* to show all) (? for menu, Esc to quit)
Aiming: Throw Flame
Press: ? - help, Shift-Dir - straight line, f - orc priest, p - kobold demonologist
Aim: an orc priest, wielding a +0 falchion and wearing a +0 scale mail The puff of flame hits the orc priest.
The orc priest is moderately wounded.
The orc sorcerer gestures at you while chanting.
The bolt of fire hits you!
Evoke which item? (* to show all) (? for menu, Esc to quit)
Aiming: Throw Flame
Press: ? - help, Shift-Dir - straight line, f - kobold demonologist, p - orc priest
Aim: a kobold demonologist, wielding a +0 dagger and wearing a +0 robe (lightly wounded)
The puff of flame hits the kobold demonologist!
The kobold demonologist is moderately wounded.
The kobold demonologist miscasts a cantrip.
Evoke which item? (* to show all) (? for menu, Esc to quit)
Aiming: Throw Flame
Press: ? - help, Shift-Dir - straight line, f - orc priest, p - kobold demonologist
Aim: an orc priest, wielding a +0 falchion and wearing a +0 scale mail (moderately wounded)
The puff of flame hits the orc priest.
The orc priest is severely wounded.
Evoke which item? (* to show all) (? for menu, Esc to quit)
Okay, then.
Unknown command.
Evoke which item? (* to show all) (? for menu, Esc to quit)
Aiming: Throw Flame
Press: ? - help, Shift-Dir - straight line, f/p - orc priest
Aim: an orc priest, wielding a +0 falchion and wearing a +0 scale mail (severely wounded)
The puff of flame hits the orc priest.
The orc priest is almost dead.
Casting: Shroud of Golubria (safe; 1% risk of failure)
Confirm with . or Enter, or press ? or * to list all spells.
You start singing a song of slaying.
Unknown command.
Evoke which item? (* to show all) (? for menu, Esc to quit)
Aiming: Throw Flame
Press: ? - help, Shift-Dir - straight line, f/p - orc priest
Aim: an orc priest, wielding a +0 falchion and wearing a +0 scale mail (severely wounded)
The puff of flame hits the orc priest but does no damage.
The orc priest is severely wounded.
The orc priest calls down the wrath of Beogh upon you.
Pain shoots through your body!
The kobold demonologist is engulfed in a cloud of scalding steam.
Evoke which item? (* to show all) (? for menu, Esc to quit)
Aiming: Throw Flame
Press: ? - help, Shift-Dir - straight line, f/p - orc priest
Aim: an orc priest, wielding a +0 falchion and wearing a +0 scale mail (steam, severely wounded)
The puff of flame misses the orc priest.
The plant is engulfed in a cloud of scalding steam.
The orc priest is engulfed in a cloud of scalding steam.
The orc priest looks encouraged for a moment.
The kobold demonologist is engulfed in a cloud of scalding steam.
The orc sorcerer howls an incantation.
You feel disoriented.
Evoke which item? (* to show all) (? for menu, Esc to quit)
Aiming: Throw Flame
Press: ? - help, Shift-Dir - straight line, f/p - orc priest
Aim: an orc priest, wielding a +0 falchion and wearing a +0 scale mail (almost dead)
The puff of flame hits the orc priest but does no damage.
The orc priest is almost dead.
The orc sorcerer gestures at you while chanting.
The bolt of fire hits you!!
* * * LOW HITPOINT WARNING * * *
The orc priest mumbles some strange prayers to Beogh against you.
Beogh smites you!
You die...

≈...≈.#.# #.#.≈...≈.#.#
#.#.≈≈≈≈≈o#.#
#.#K≈≈♣P≈K#.#
#.#o≈P≈≈≈K#.#
#.#o§§..≈o#.#
#.#o§...≈t#.#
#.####'####.# ###
#.#P...@.P#.# .....
#.#8P.©.P8#.# ####.....
#.#########.####........
#.....©............# ...
#####...####.......# ...
#..## #.......#
#.######.......#####
#...................
#...................


You could see a fire crab, 3 kobold demonologists, 2 orc sorcerers and 3 orc
priests.

Vanquished Creatures
  A two-headed ogre (D:9)
  Grinder (D:6)
  A hippogriff (D:8)
  A wyvern (D:9)
  Eustachio (D:4)
  Menkaure (D:7)
  Duvessa (D:6)
  2 porcupines (D:8)
  A necrophage (D:9)
  2 phantoms
  An orc warrior (D:9)
  A black bear (D:8)
  2 ogres
  A centaur (D:7)
  A big kobold (D:7)
  3 bullfrogs
  Dowan (D:6)
  13 killer bees
  6 crimson imps
  A jelly (D:9)
  An orc priest (D:7)
  3 hounds
  8 orc wizards
  A bullfrog skeleton (D:5)
  2 iguanas (D:7)
  9 worker ants
  A worker ant zombie (D:7)
  6 gnolls
  7 adders
  An ooze (D:4)
  2 adder skeletons (D:6)
  4 worms
  3 dart slugs
  A leopard gecko (D:7)
  24 orcs
  A ball python (D:4)
  A bat (D:1)
  5 giant cockroaches
  5 goblins
  A hobgoblin (D:2)
  7 jackals
  5 quokkas
  4 frilled lizards
  A jackal skeleton (D:4)
  8 kobolds
  A quokka skeleton (D:6)
  8 rats
162 creatures vanquished.

Notes
Turn   | Place    | Note
-------+----------+-------------------------------------------
     0 | D:1      | tidbits the Gnoll Skald began the quest for the Orb.
     0 | D:1      | Reached XP level 1. HP: 20/20 MP: 6/6
    97 | D:2      | Reached XP level 2. HP: 26/26 MP: 2/7
   106 | D:1      | Learned a level 2 spell: Song of Slaying
   109 | D:1      | Learned a level 2 spell: Shroud of Golubria
   235 | D:2      | Reached XP level 3. HP: 31/31 MP: 6/9
   242 | D:1      | Learned a level 3 spell: Regeneration
   246 | D:1      | Learned a level 3 spell: Spectral Weapon
   251 | D:2      | Reached skill level 5 in Spellcasting
   287 | D:2      | Reached skill level 1 in Invocations
   310 | D:2      | Reached skill level 1 in Short Blades
   310 | D:2      | Reached skill level 1 in Long Blades
   310 | D:2      | Reached skill level 1 in Axes
   310 | D:2      | Reached skill level 1 in Maces & Flails
   310 | D:2      | Reached skill level 1 in Staves
   310 | D:2      | Reached skill level 1 in Slings
   310 | D:2      | Reached skill level 1 in Bows
   310 | D:2      | Reached skill level 1 in Crossbows
   310 | D:2      | Reached skill level 1 in Throwing
   310 | D:2      | Reached skill level 1 in Stealth
   310 | D:2      | Reached skill level 1 in Shields
   310 | D:2      | Reached skill level 1 in Unarmed Combat
   310 | D:2      | Reached skill level 1 in Evocations
   331 | D:2      | Reached XP level 4. HP: 36/38 MP: 3/11
   560 | D:3      | Reached skill level 1 in Conjurations
   560 | D:3      | Reached skill level 1 in Hexes
   560 | D:3      | Reached skill level 1 in Summonings
   560 | D:3      | Reached skill level 1 in Necromancy
   560 | D:3      | Reached skill level 1 in Translocations
   560 | D:3      | Reached skill level 1 in Transmutations
   560 | D:3      | Reached skill level 1 in Fire Magic
   560 | D:3      | Reached skill level 1 in Ice Magic
   560 | D:3      | Reached skill level 1 in Air Magic
   560 | D:3      | Reached skill level 1 in Earth Magic
   560 | D:3      | Reached skill level 1 in Poison Magic
   654 | D:3      | Reached XP level 5. HP: 41/43 MP: 1/12
   866 | D:4      | Reached skill level 3 in Armour
   905 | D:4      | Reached skill level 2 in Invocations
   905 | D:4      | Reached XP level 6. HP: 46/50 MP: 8/13
  1027 | D:4      | Noticed Eustachio
  1037 | D:4      | Killed Eustachio
  1037 | D:4      | Reached skill level 5 in Fighting
  1037 | D:4      | Reached skill level 2 in Short Blades
  1037 | D:4      | Reached skill level 2 in Long Blades
  1037 | D:4      | Reached skill level 2 in Axes
  1037 | D:4      | Reached skill level 2 in Maces & Flails
  1037 | D:4      | Reached skill level 5 in Polearms
  1037 | D:4      | Reached skill level 2 in Staves
  1037 | D:4      | Reached skill level 2 in Slings
  1037 | D:4      | Reached skill level 2 in Bows
  1037 | D:4      | Reached skill level 2 in Crossbows
  1037 | D:4      | Reached skill level 2 in Throwing
  1037 | D:4      | Reached skill level 5 in Dodging
  1037 | D:4      | Reached skill level 2 in Stealth
  1037 | D:4      | Reached skill level 2 in Shields
  1037 | D:4      | Reached skill level 2 in Unarmed Combat
  1037 | D:4      | Reached skill level 2 in Evocations
  1060 | D:5      | Entered Level 5 of the Dungeon
  1071 | D:5      | Reached XP level 7. HP: 39/56 MP: 4/15
  1101 | D:5      | Found a white marble altar of Elyvilon.
  1112 | D:5      | HP: 8/56 [phantom (8)]
  1115 | D:5      | Reached skill level 2 in Conjurations
  1115 | D:5      | Reached skill level 2 in Hexes
  1115 | D:5      | Reached skill level 2 in Summonings
  1115 | D:5      | Reached skill level 2 in Necromancy
  1115 | D:5      | Reached skill level 2 in Translocations
  1115 | D:5      | Reached skill level 2 in Transmutations
  1115 | D:5      | Reached skill level 2 in Fire Magic
  1115 | D:5      | Reached skill level 2 in Ice Magic
  1115 | D:5      | Reached skill level 2 in Air Magic
  1115 | D:5      | Reached skill level 2 in Earth Magic
  1115 | D:5      | Reached skill level 2 in Poison Magic
  1324 | D:5      | Reached skill level 3 in Invocations
  1400 | D:6      | Reached XP level 8. HP: 43/63 MP: 11/16
  1409 | D:6      | Reached skill level 4 in Armour
  1409 | D:6      | Reached skill level 6 in Charms
  1427 | D:6      | Noticed Grinder
  1428 | D:6      | Got a steaming buckler
  1444 | D:6      | Killed Grinder
  1444 | D:6      | Reached skill level 3 in Short Blades
  1444 | D:6      | Reached skill level 3 in Long Blades
  1444 | D:6      | Reached skill level 3 in Axes
  1444 | D:6      | Reached skill level 3 in Maces & Flails
  1444 | D:6      | Reached skill level 3 in Staves
  1444 | D:6      | Reached skill level 3 in Slings
  1444 | D:6      | Reached skill level 3 in Bows
  1444 | D:6      | Reached skill level 3 in Crossbows
  1444 | D:6      | Reached skill level 3 in Throwing
  1444 | D:6      | Reached skill level 3 in Stealth
  1444 | D:6      | Reached skill level 3 in Shields
  1444 | D:6      | Reached skill level 3 in Unarmed Combat
  1444 | D:6      | Reached skill level 6 in Spellcasting
  1444 | D:6      | Reached skill level 3 in Evocations
  1489 | D:6      | Identified the +3 buckler of Xeguef {rCorr} (You found it
                  | on level 6 of the Dungeon)
  1494 | D:6      | Found Yfehicw's Magic Scroll Emporium.
  1502 | D:6      | Bought a scroll of teleportation for 42 gold pieces
  1502 | D:6      | Bought a scroll of magic mapping for 49 gold pieces
  1502 | D:6      | Bought a scroll of identify for 28 gold pieces
  1502 | D:6      | Bought a scroll of fog for 28 gold pieces
  1637 | D:6      | Noticed Duvessa
  1647 | D:6      | Noticed Dowan
  1649 | D:6      | Killed Duvessa
  1649 | D:6      | Reached skill level 3 in Conjurations
  1649 | D:6      | Reached skill level 3 in Hexes
  1649 | D:6      | Reached skill level 3 in Summonings
  1649 | D:6      | Reached skill level 3 in Necromancy
  1649 | D:6      | Reached skill level 3 in Translocations
  1649 | D:6      | Reached skill level 3 in Transmutations
  1649 | D:6      | Reached skill level 3 in Fire Magic
  1649 | D:6      | Reached skill level 3 in Ice Magic
  1649 | D:6      | Reached skill level 3 in Air Magic
  1649 | D:6      | Reached skill level 3 in Earth Magic
  1649 | D:6      | Reached skill level 3 in Poison Magic
  1649 | D:6      | Reached skill level 4 in Invocations
  1651 | D:6      | Killed Dowan
  1664 | D:6      | Reached XP level 9. HP: 47/69 MP: 13/18
  1690 | D:7      | Reached skill level 6 in Fighting
  1690 | D:7      | Reached skill level 6 in Polearms
  1690 | D:7      | Reached skill level 6 in Dodging
  1833 | D:7      | Noticed Menkaure
  1847 | D:7      | Killed Menkaure
  1847 | D:7      | Reached skill level 4 in Short Blades
  1847 | D:7      | Reached skill level 4 in Long Blades
  1847 | D:7      | Reached skill level 4 in Axes
  1847 | D:7      | Reached skill level 4 in Maces & Flails
  1847 | D:7      | Reached skill level 4 in Staves
  1847 | D:7      | Reached skill level 4 in Slings
  1847 | D:7      | Reached skill level 4 in Bows
  1847 | D:7      | Reached skill level 4 in Crossbows
  1847 | D:7      | Reached skill level 4 in Throwing
  1847 | D:7      | Reached skill level 4 in Stealth
  1847 | D:7      | Reached skill level 4 in Shields
  1847 | D:7      | Reached skill level 4 in Unarmed Combat
  1847 | D:7      | Reached skill level 4 in Evocations
  1999 | D:7      | Found a staircase to the Ecumenical Temple.
  2007 | Temple   | Entered the Ecumenical Temple
  2044 | Temple   | Became a worshipper of Cheibriados the Contemplative
  2150 | D:7      | Reached skill level 5 in Armour
  2274 | D:8      | Learned a level 2 spell: Sticks to Snakes
  2322 | D:8      | Noticed Prince Ribbit
  2337 | D:8      | Reached * piety under Cheibriados
  2360 | D:8      | Reached skill level 5 in Invocations
  2485 | D:10     | Entered Level 10 of the Dungeon
  2532 | D:9      | Noticed a two-headed ogre
  2538 | D:9      | Killed a two-headed ogre
  2538 | D:9      | Reached skill level 7 in Spellcasting
  2538 | D:9      | Reached skill level 4 in Conjurations
  2538 | D:9      | Reached skill level 4 in Hexes
  2538 | D:9      | Reached skill level 4 in Summonings
  2538 | D:9      | Reached skill level 4 in Necromancy
  2538 | D:9      | Reached skill level 4 in Translocations
  2538 | D:9      | Reached skill level 4 in Transmutations
  2538 | D:9      | Reached skill level 4 in Fire Magic
  2538 | D:9      | Reached skill level 4 in Ice Magic
  2538 | D:9      | Reached skill level 4 in Air Magic
  2538 | D:9      | Reached skill level 4 in Earth Magic
  2538 | D:9      | Reached skill level 4 in Poison Magic
  2538 | D:9      | Reached XP level 10. HP: 70/77 MP: 18/20
  2554 | D:9      | Reached skill level 5 in Short Blades
  2554 | D:9      | Reached skill level 5 in Long Blades
  2554 | D:9      | Reached skill level 5 in Axes
  2554 | D:9      | Reached skill level 5 in Maces & Flails
  2554 | D:9      | Reached skill level 5 in Staves
  2554 | D:9      | Reached skill level 5 in Slings
  2554 | D:9      | Reached skill level 5 in Bows
  2554 | D:9      | Reached skill level 5 in Crossbows
  2554 | D:9      | Reached skill level 5 in Throwing
  2554 | D:9      | Reached skill level 5 in Stealth
  2554 | D:9      | Reached skill level 5 in Shields
  2554 | D:9      | Reached skill level 5 in Unarmed Combat
  2554 | D:9      | Reached skill level 5 in Evocations
  2600 | D:9      | Reached skill level 7 in Charms
  2610 | D:9      | Reached ** piety under Cheibriados
  2660 | D:9      | Noticed a fire crab
  2661 | D:9      | Found a transporter.
  2663 | D:9      | Noticed a kobold demonologist
  2664 | D:9      | Noticed a kobold demonologist
  2669 | D:9      | Found a transporter.
  2680 | D:9      | Noticed an orc sorcerer
  2683 | D:9      | Noticed an orc sorcerer
  2684 | D:9      | Noticed a kobold demonologist
  2694 | D:9      | Paralysed by an orc sorcerer for 5 turns
  2707 | D:9      | HP: 13/77 [orc sorcerer/bolt of fire (35)]
  2707 | D:9      | Killed from afar by an orc priest

Skill      XL: |  1  2  3  4  5  6  7  8  9 10 |
---------------+-------------------------------+-----
Spellcasting   | 5 6 7 |  7.2
Invocations    | 1 2 3 4 5 |  5.6
Short Blades   | 1 2 3 4 5 |  5.1
Long Blades    | 1 2 3 4 5 |  5.1
Axes           | 1 2 3 4 5 |  5.1
Maces & Flails | 1 2 3 4 5 |  5.1
Staves         | 1 2 3 4 5 |  5.1
Slings         | 1 2 3 4 5 |  5.1
Bows           | 1 2 3 4 5 |  5.1
Crossbows      | 1 2 3 4 5 |  5.1
Throwing       | 1 2 3 4 5 |  5.1
Stealth        | 1 2 3 4 5 |  5.1
Shields        | 1 2 3 4 5 |  5.1
Unarmed Combat | 1 2 3 4 5 |  5.1
Evocations     | 1 2 3 4 5 |  5.1
Conjurations   | 1 2 3 4 |  4.2
Hexes          | 1 2 3 4 |  4.2
Summonings     | 1 2 3 4 |  4.2
Necromancy     | 1 2 3 4 |  4.2
Translocations | 1 2 3 4 |  4.2
Transmutations | 1 2 3 4 |  4.2
Fire Magic     | 1 2 3 4 |  4.2
Ice Magic      | 1 2 3 4 |  4.2
Air Magic      | 1 2 3 4 |  4.2
Earth Magic    | 1 2 3 4 |  4.2
Poison Magic   | 1 2 3 4 |  4.2
Armour         | 3 4 5 |  5.8
Fighting       | 5 6 |  6.9
Polearms       | 5 6 |  6.9
Dodging        | 5 6 |  6.9
Charms         | 6 7 |  7.0

Action                   |  1- 3 |  4- 6 |  7- 9 | 10-12 || total
-------------------------+-------+-------+-------+-------++-------
Melee: Spear             |    48 |   109 |   235 |    43 ||   435
       Bite              |     3 |    13 |    20 |     8 ||    44
Throw: Tomahawk          |       |       |    11 |       ||    11
 Cast: Infusion          |     5 |       |       |       ||     5
       Spectral Weapon   |     3 |    15 |    32 |     4 ||    54
       Song of Slaying   |       |     3 |     6 |     2 ||    11
       Regeneration      |       |     2 |     5 |       ||     7
       Shroud of Golubri |       |     2 |     7 |     3 ||    12
Evoke: Wand              |       |       |     8 |    10 ||    18
  Use: Scroll            |       |     6 |     5 |     1 ||    12
       Potion            |       |       |     4 |       ||     4
 Stab: Sleeping          |       |     2 |     2 |       ||     4
       Distracted        |       |     1 |     1 |       ||     2
  Eat: Chunk             |       |     2 |     4 |       ||     6
       Ration            |       |       |     1 |       ||     1
Armor: Leather armour    |     3 |     7 |    16 |       ||    26
       Ring mail         |       |       |    10 |     7 ||    17
Dodge: Dodged            |    20 |    37 |    88 |    20 ||   165
Block: Buckler           |       |       |    49 |    12 ||    61

Table legend:
 A = Turns spent in this place as a percentage of turns spent in the entire game.
 B = Non-inter-level travel turns spent in this place as a percentage of non-inter-level travel turns spent in the entire game.
 C = Inter-level travel turns spent in this place as a percentage of turns spent in this place.
 D = Turns resting spent in this place as a percentage of non-inter-level travel turns spent in this place.
 E = Turns spent auto-exploring this place as a percentage of non-inter-level travel turns spent in this place.
 F = Non-inter-level travel turns spent in this place divided by the number of levels of this place that you've seen.
                   A       B       C       D       E      F
               +-------+-------+-------+-------+-------+----------------------
         Total | 100.0 | 100.0 |   1.3 |   0.0 |   0.0 | 242.9
       Dungeon |  97.3 |  98.5 |   0.0 |   0.0 |   0.0 | 263.3
        Temple |   2.7 |   1.5 |  47.3 |   0.0 |   0.0 |  39.0
               +-------+-------+-------+-------+-------+----------------------

Table legend:
 A = Kills in this place as a percentage of kills in entire the game.
 B = Kills by you in this place as a percentage of kills by you in the entire game.
 C = Kills by friends in this place as a percentage of kills by friends in the entire game.
 D = Other kills in this place as a percentage of other kills in the entire game.
 E = Experience gained in this place as a percentage of experience gained in the entire game.
 F = Experience gained in this place divided by the number of levels of this place that you have seen.
                   A       B       C       D       E      F
               +-------+-------+-------+-------+-------+----------------------
         Total | 100.0 | 100.0 |   N/A |   N/A | 100.0 | 569.5
       Dungeon | 100.0 | 100.0 |   N/A |   N/A | 100.0 | 626.5
               +-------+-------+-------+-------+-------+----------------------

Levels and vault maps discovered:
D:1:      minmay_arrival_glassed_features, layout_rooms
D:2:      layout_rooms, minmay_tromino_mix6
D:3:      layout_loops_corners, uniq_natasha
D:4:      layout_gridville, first_ration, uniq_eustachio, uniq_pikel
D:5:      layout_gridville, elyvilon_altar_5
D:6:      layout_rooms, serial_shops, shop, uniq_duvessa, uniq_grinder
D:7:      layout_loops_corners, minmay_temple_entry_slanted, basic_altar,
          uniq_menkaure
D:8:      layout_loops_ring, grunt_lair_entry_orc_guard_hut, uniq_prince_ribbit1
D:9:      gammafunk_wand_slinger, layout_basic, grunt_ogre_cave, uniq_erica
D:10:     layout_long_grid, special_room [special_room_orc], serial_shops, shop
Temple:   kilobyte_greek_temple
